 Dungeon Crawl Stone Soup version 0.29.1-2-gbd0b4ee654 (webtiles) character file.

Game seed: 11281207680348265468

763 MisterFreud the Twirler (level 8, -4/62 HPs)
             Began as a Formicid Gladiator on Oct 28, 2022.
             Killed from afar by an electric eel (10 damage)
             ... with a bolt of electricity
             ... on level 6 of the Dungeon.
             The game lasted 00:04:28 (4516 turns).

MisterFreud the Twirler (Formicid Gladiator)        Turns: 4516, Time: 00:04:29

Health: -4/62      AC:  9    Str: 20    XL:     8   Next: 8%
Magic:  8/8        EV:  8    Int:  9    God:
Gold:   161        SH:  5    Dex: 15    Spells: 7/7 levels left

rFire   . . .      SeeInvis +   a - +1 quarterstaff (protect)
rCold   + . .      Faith    .   (no shield)
rNeg    . . .      Spirit   .   j - +0 chain mail
rPois   .          Reflect  +   (helmet unavailable)
rElec   .          Harm     .   k - scarf {+Inv}
rCorr   .          Rampage  .   (no gloves)
Will    .....                   (no boots)
Stlth   ..........              e - amulet of reflection
HPRegen 0.20/turn               q - ring of protection from cold
MPRegen 0.11/turn               (no ring)

@: no status effects
A: permanent stasis, dig shafts and tunnels, antennae 3, four strong arms
a: Dig, Shaft Self, Evoke Invisibility


You were on level 6 of the Dungeon.
You visited 1 branch of the dungeon, and saw 7 of its levels.

You collected 161 gold pieces.

Inventory:

Hand Weapons
 a - a +1 quarterstaff of protection (weapon)
Missiles
 c - 3 throwing nets
 d - 5 javelins
 l - a poisoned dart (quivered)
Armour
 b - a +0 leather armour
 j - a +0 chain mail (worn)
 k - a scarf of invisibility (worn)
Jewellery
 e - an amulet of reflection (around neck)
 q - a ring of protection from cold (left hand)
Wands
 f - a wand of iceblast (11)
 m - a wand of polymorph (8)
 u - a wand of flame (10)
Scrolls
 o - a scroll of fog
 t - a scroll of amnesia
Potions
 g - a potion of might {unknown}
 h - 3 potions of mutation {unknown}
 i - 2 potions of flight {unknown}
 n - 2 potions of curing {unknown}
 p - 2 potions of invisibility {unknown}
 r - a potion of cancellation {unknown}
 s - a potion of lignification {unknown}


   Skills:
 - Level 5.0 Fighting
 + Level 6.3 Staves
 - Level 2.0 Throwing
 - Level 5.0 Armour
 - Level 2.6 Dodging
 + Level 0.0 Evocations


You had 7 spell levels left.
You didn't know any spells.
Your spell library contained the following spells:

 Spells                   Type           Power      Damage    Failure   Level
 Poisonous Vapours        Pois/Air       0%         N/A       99%         2
 Flame Wave               Conj/Fire      0%         2d4       100%        4
 Iskenderun's Mystic Bla  Conj/Tloc      0%         2d3       100%        4
 Irradiate                Conj/Tmut      0%         3d11      100%        5


Dungeon Overview and Level Annotations

Branches:
Dungeon (7/15)             Temple (0/1) D:5

Altars:
Fedhas
Qazlal
Ru
Sif Muna

Shops:
D:3 [   D:6 :

Annotations:
D:3 3 runed translucent doors, dunno567's ghost, amateur MiHu
D:5 Edmund


Innate Abilities, Weirdness & Mutations

You cannot be hasted, slowed, berserked, paralysed or teleported.
You can dig through walls and to a lower floor.
You have a pair of large antennae on your head. (SInv)
Your four strong arms can wield two-handed weapons with a shield.


Message History

You kill the ice beast!
Training target 5.0 for Armour reached!
Your Armour skill increases to level 5!
You need to enable at least one skill for training.
You have reached level 8!
You feel clever.
Items here: )))) ††.
Things that are here:
a black bear corpse; an iguana corpse
t - a scroll of amnesia
There is an entrance to Zeoj Yhu's Self-Improvement Boutique here.
You can access your shopping list by pressing '$'.
u - a wand of flame (10)
An electric eel comes into view.
An electric eel is nearby!
An electric eel is nearby!
An electric eel comes into view.
Found 6 stones.
The electric eel shoots out a bolt of lightning at you!
The bolt of electricity hits the electric eel.
The electric eel completely resists.
The bolt of electricity hits you!
You enter the shallow water.
Moving in this stuff is going to be slow.
The electric eel shoots out a bolt of lightning at you!
The bolt of electricity misses the electric eel.
The bolt of electricity hits you!
The electric eel shoots out a bolt of lightning at you!
The bolt of electricity hits you!
The electric eel shoots out a bolt of lightning at you!
The bolt of electricity hits you!
* * * LOW HITPOINT WARNING * * *
The electric eel shoots out a bolt of lightning at you!
The bolt of electricity hits the electric eel.
The electric eel completely resists.
The bolt of electricity hits you!
* * * LOW HITPOINT WARNING * * *
Are you sure you want to shaft yourself?
The electric eel shoots out a bolt of lightning at you!
The bolt of electricity hits the electric eel.
The electric eel completely resists.
The bolt of electricity hits you!
You die...

########################+
≈S≈≈≈≈≈≈≈≈≈≈≈≈≈≈≈≈≈≈~~...
~≈≈S~~≈≈≈≈≈≈≈≈~≈≈≈≈≈≈~...
~~~~~~~≈~~≈~~≈~~~~~~~~~..
..~.~.~~~..~~...~~.~.~~..
........@................
.........................
####....###.#.........###
##..###.#.............
##( ##...........### #.
##.#.......###≈ #.
..........## #≈
###.###...#####. ...#
##.......≈


You could see 2 electric eels.

Vanquished Creatures
  An ice beast (D:6)
  An ogre (D:5)
  A black bear (D:6)
  A centaur (D:6)
  A phantom (D:6)
  A hound (D:4)
  An orc priest (D:5)
  3 iguanas
  An orc wizard (D:3)
  Robin (D:2)
  6 adders
  2 worms (D:3)
  3 dart slugs
  3 orcs
  8 bats
  6 endoplasms
  4 giant cockroaches
  13 goblins
  11 hobgoblins
  7 jackals
  8 kobolds
  4 quokkas
  8 ball pythons
  5 frilled lizards
  5 rats
105 creatures vanquished.

Notes
Turn   | Place    | Note
-------+----------+-------------------------------------------
     0 | D:1      | MisterFreud the Formicid Gladiator began the quest for the
                  | Orb.
     0 | D:1      | Reached XP level 1. HP: 16/16 MP: 1/1
    51 | D:1      | Reached XP level 2. HP: 22/22 MP: 2/2
   564 | D:1      | Reached skill level 4 in Staves
   564 | D:1      | Reached XP level 3. HP: 27/27 MP: 3/3
   578 | D:1      | Got the Spellbook of Fetid Attacks
  1112 | D:2      | Noticed Robin
  1117 | D:2      | Reached XP level 4. HP: 33/33 MP: 4/4
  1132 | D:2      | Killed Robin
  1270 | D:2      | Reached skill level 5 in Staves
  1908 | D:3      | Reached XP level 5. HP: 32/38 MP: 5/5
  2030 | D:3      | Found a runed translucent gate.
  2030 | D:3      | Found a runed translucent gate.
  2030 | D:3      | Found a runed translucent gate.
  2033 | D:3      | Found Seefun's Antique Armour Shoppe.
  2121 | D:3      | Noticed dunno567's ghost (amateur MiHu)
  2130 | D:3      | Identified the +6 whip of Liholaul {vorpal, *Noise +Blink
                  | Fly Int-5}
  2130 | D:3      | Identified the +0 chain mail of Hacu {Rampage rElec rC+
                  | Stlth-}
  2307 | D:3      | Found a shimmering blue altar of Sif Muna.
  2784 | D:3      | Reached skill level 6 in Staves
  3282 | D:4      | Reached skill level 1 in Armour
  3282 | D:4      | Reached XP level 6. HP: 46/46 MP: 6/6
  3407 | D:4      | Found a blossoming altar of Fedhas.
  3660 | D:5      | Entered Level 5 of the Dungeon
  3660 | D:5      | Noticed an ogre
  3668 | D:5      | Killed an ogre
  3669 | D:5      | Reached XP level 7. HP: 27/53 MP: 7/7
  3838 | D:5      | Found a stormy altar of Qazlal.
  3851 | D:5      | Found a sacrificial altar of Ru.
  3888 | D:5      | Found a staircase to the Ecumenical Temple.
  3888 | D:5      | Noticed Edmund
  3914 | D:5      | You fall into a shaft and drop 2 floors!
  4350 | D:6      | Reached skill level 5 in Fighting
  4388 | D:6      | Found Zeoj Yhu's Self-Improvement Boutique.
  4400 | D:6      | Reached skill level 5 in Armour
  4400 | D:6      | Reached XP level 8. HP: 49/62 MP: 8/8
  4516 | D:6      | Killed from afar by an electric eel

Illustrated notes

Levels and vault maps discovered:
D:1:      dpeg_arrival_orchard, layout_basic, nrook_loot_triangle
D:2:      layout_loops_ring, minmay_pentomino_p4, uniq_robin
D:3:      layout_basic, led_sif_pool, serial_shops, shop,
          biasface_ghost_orc_armoury, wad_rectangle_vault
D:4:      wander_river, layout_basic, fedhas_ov_isle_minmay
D:5:      layout_basic, grunt_qazlal_clouds, nicolae_overflow_crystal_walls,
          mainiacjoe_overflow_concentric_impassable,
          minmay_temple_entry_proselytizer, grunt_decor_fettered, uniq_ijyb,
          uniq_edmund, uniq_menkaure
D:6:      minmay_goblin_kobold_castle, layout_loops_ring, nicolae_shop_self_help
D:7:      layout_basic

Skill      XL: |  1  2  3  4  5  6  7 |
---------------+----------------------+-----
Staves         | 4 5 6 |  6.3
Armour         | 1 2 5 |  5.0
Fighting       | 3 5 |  5.0
Throwing       | |  2.0
Dodging        | |  2.6

Action                   |  1- 3 |  4- 6 |  7- 9 || total
-------------------------+-------+-------+-------++-------
Melee: Quarterstaff      |    62 |   172 |    65 ||   299
       Punch             |     1 |     2 |       ||     3
Throw: Dart              |       |     4 |     3 ||     7
 Abil: Shaft Self        |       |       |     2 ||     2
  Use: Scroll            |     6 |     6 |     1 ||    13
 Stab: Sleeping          |       |     1 |       ||     1
Armor: Leather armour    |    18 |     3 |       ||    21
       Chain mail        |       |    56 |    25 ||    81
Dodge: Dodged            |    52 |    54 |    24 ||   130
Block: Other             |     6 |    30 |    16 ||    52
       Reflection        |     1 |       |     1 ||     2
